 Dungeon Crawl Stone Soup version 0.16-a0-2098-gf8c960b (webtiles) character file.

49 Psiweapon the Twirler (level 3, -1/21 HPs)
             Began as a Gargoyle Gladiator on Nov 12, 2014.
             Slain by Crazy Yiuf
             ... wielding a +2 quarterstaff of chaos
              (2 damage)
             ... on level 2 of the Dungeon.
             The game lasted 00:04:27 (987 turns).

Psiweapon the Twirler (Gargoyle Gladiator)           Turns: 987, Time: 00:04:27

Health: -1/21      AC:  7    Str: 18    XL:     3   Next: 77%
Magic:  3/3        EV: 11    Int:  9    God:
Gold:   36         SH:  0    Dex: 10    Spells: 0 memorised, 2 levels left

rFire  . . .     SeeInvis +     a - +0 quarterstaff
rCold  . . .     Clarity  .     m - +0 leather armour
rNeg   + . .     SustAb   .     (no shield)
rPois  +         Gourm    .     c - +0 helmet
rElec  +         Spirit   .     (no cloak)
rCorr  .         Warding  .     (no gloves)
rMut   .         Stasis   .     (no boots)
MR     .....                    (no amulet)
Stlth  +.........               (no ring)
                                e - ring of see invisible

@: not resistant to hostile enchantments, very unstealthy
A: negative energy resistance 1, electricity resistance, unbreathing,
petrification resistance, rot immunity, AC +3
a: no special abilities


You were on level 2 of the Dungeon.
You were not hungry.

You visited 1 branch of the dungeon, and saw 2 of its levels.

You collected 36 gold pieces.

Inventory:

Hand weapons
 a - a +0 quarterstaff (weapon)
 b - a +0 hunting sling
Missiles
 g - 8 curare-tipped needles
 h - 25 sling bullets
 k - 14 exploding sling bullets
Armour
 c - a +0 helmet (worn)
 m - a +0 leather armour (worn)
Jewellery
 e - a ring of see invisible (left hand)
Scrolls
 n - 3 scrolls of identify {unknown}
 o - a scroll of enchant armour {unknown}
Potions
 p - 2 potions of brilliance {unknown}
Comestibles
 f - a bread ration
 i - a slice of pizza
 j - a chunk of flesh
 l - a meat ration
 q - a royal jelly


   Skills:
 - Level 2.1 Fighting
 + Level 4.6 Staves
 - Level 2.0 Throwing
 - Level 2.4 Dodging


You had 2 spell levels left.
You didn't know any spells.

Dungeon Overview and Level Annotations

Branches:
Dungeon (2/15)

Altars:

Annotations:
D:2 Crazy Yiuf


Innate Abilities, Weirdness & Mutations

You are resistant to torment.
You are immune to poison.
Your stone body is very resilient (AC +3).
You resist negative energy.
You are resistant to electric shocks.
You can survive without breathing.
You are immune to petrification.
You are immune to rotting.


Message History

Throwing (i - inventory. (,) - cycle):
d - a throwing net (quivered)
Press: ? - help, Shift-Dir - straight line, f/p - Crazy Yiuf
Aim: Crazy Yiuf, wielding a quarterstaff of chaos and wearing a cloak (moderately wounded)
You throw a throwing net.
The throwing net closely misses Crazy Yiuf.
Crazy Yiuf hits you with a quarterstaff of chaos.
Crazy Yiuf grits, "Blight foot stair!"
Drink which item? (? for menu, Esc to quit)
Okay, then.
Wield which item (- for none, * to show all)? (? for menu, Esc to quit)
a - a +0 quarterstaff (weapon)
You barely miss Crazy Yiuf.
Crazy Yiuf is moderately wounded.
Crazy Yiuf twirls on the spot.
Crazy Yiuf hits you with a quarterstaff of chaos!
* * * LOW HITPOINT WARNING * * *
You hit Crazy Yiuf but do no damage.
Crazy Yiuf is moderately wounded.
Crazy Yiuf hits you with a quarterstaff of chaos.
You die...

♣.♣ ♣(♣♣
############ ♣♣.♣
#......##..# ♣♣.♣♣
#.####.....# ♣♣...♣
#.#######..# ♣....♣
#..........# ##..##
#..###.....####g...#
#..# #........@...##
#..# #...........##
#..# ####....#####
#..### ###### #....#
#....# #....# #....#
#.)..#


You could see Crazy Yiuf.

Vanquished Creatures
  2 adders (D:2)
  3 ball pythons (D:1)
  6 bats (D:1)
  3 goblins (D:1)
  4 hobgoblins (D:1)
  3 jackals (D:1)
  4 kobolds (D:1)
  5 rats (D:1)
30 creatures vanquished.

Notes
Turn   | Place    | Note
--------------------------------------------------------------
     0 | D:1      | Psiweapon, the Gargoyle Gladiator, began the quest for the Orb.
     0 | D:1      | Reached XP level 1. HP: 12/12 MP: 1/1
   117 | D:1      | Reached XP level 2. HP: 12/17 MP: 2/2
   299 | D:1      | Reached skill level 4 in Staves
   353 | D:1      | Reached XP level 3. HP: 21/21 MP: 3/3
   970 | D:2      | Noticed Crazy Yiuf
   986 | D:2      | HP: 1/21 [Crazy Yiuf/quarterstaff of chaos (7)]
   987 | D:2      | Slain by Crazy Yiuf

Action                   || total
-------------------------++-------
Melee: Quarterstaff      ||   100
 Fire: Hunting sling     ||    19
Throw: Throwing net      ||     3
